 Dungeon Crawl Stone Soup version 0.29.1-15-g9cfb28693d (webtiles) character file.

Game seed: 16167551385313015479

247 boopmooplesden the Chopper (level 5, -3/47 HPs)
             Began as a Minotaur Fighter on Mar 9, 2023.
             Slain by an orc
             ... wielding a +0 dagger
              (4 damage)
             ... on level 4 of the Dungeon.
             The game lasted 00:02:54 (2542 turns).

boopmooplesden the Chopper (Minotaur Fighter)       Turns: 2542, Time: 00:02:55

Health: -3/47      AC:  8    Str: 23    XL:     5   Next: 85%
Magic:  4/4        EV: 10    Int:  5    God:
Gold:   160        SH:  0    Dex:  9    Spells: 4/4 levels left

rFire   . . .      SeeInvis .   a - +0 war axe
rCold   . . .      Faith    .   c - +0 buckler
rNeg    . . .      Spirit   .   b - +0 scale mail
rPois   .          Reflect  .   f - +1 hat
rElec   .          Harm     .   (no cloak)
rCorr   .          Rampage  .   (no gloves)
Will    .....                   (no boots)
Stlth   ..........              (no amulet)
HPRegen 0.15/turn               (no ring)
MPRegen 0.09/turn               (no ring)

@: confused
A: horns 2, retaliatory headbutt
a: no special abilities


You were on level 4 of the Dungeon.
You visited 1 branch of the dungeon, and saw 4 of its levels.

You collected 160 gold pieces.

Inventory:

Hand Weapons
 a - a +0 war axe (weapon)
Armour
 b - a +0 scale mail (worn)
 c - a +0 buckler (worn)
 f - a +1 hat (worn)
Scrolls
 e - a scroll of teleportation {unknown}
 i - a scroll of amnesia {unknown}
 j - a scroll of vulnerability {unknown}
 l - a scroll of magic mapping {unknown}
 m - a scroll of poison {unknown}
 n - a scroll of enchant weapon {unknown}
Potions
 d - a potion of might
 g - a potion of curing {unknown}
 h - a potion of invisibility {unknown}
 k - 2 potions of mutation {unknown}


   Skills:
 + Level 4.7 Fighting
 + Level 5.0 Axes
 + Level 4.7 Armour
 + Level 1.6 Dodging
 + Level 0.1 Stealth
 + Level 4.3 Shields


You had 4 spell levels left.
You didn't know any spells.
Your spell library contained the following spells:

 Spells                   Type           Power      Damage    Failure   Level
 Static Discharge         Conj/Air       0%         3-3/arc   95%         2
 Sublimation of Blood     Necr           0%         N/A       95%         2
 Gell's Gravitas          Tloc           0%         N/A       99%         3
 Teleport Other           Tloc           0%         N/A       99%         3
 Petrify                  Tmut/Erth      0%         N/A       100%        4
 Irradiate                Conj/Tmut      0%         3d11      100%        5
 Lightning Bolt           Conj/Air       0%         1d11      100%        5
 Dispersal                Tloc           0%         N/A       100%        6
 Maxwell's Capacitive Co  Air            0%         ∞         100%        8


Dungeon Overview and Level Annotations

Branches:
Dungeon (4/15)
 Temple: D:4-7

Altars:

Shops:
D:3 [   D:4 (


Innate Abilities, Weirdness & Mutations

You have a pair of horns on your head.
You reflexively headbutt those who attack you in melee.


Message History

An orc comes into view. It is wielding a +3 whip.
The orc hits you with a +0 mace! The orc completely misses you.
You see here a hobgoblin corpse.
You closely miss the orc.
The orc shouts!
You headbutt the orc, but do no damage. You barely miss the orc.
You miss something. Something hits you but does no damage. The orc misses you.
The orc hits you but does no damage. x2
You hear some strange, mumbled words.
A puff of flame appears from out of thin air!
The puff of flame misses you. The orc hits you but does no damage.
The orc hits you but does no damage.
You're too confused to move!
Something hits you but does no damage. The orc hits you with a +0 mace.
The orc misses you. Something hits you. The orc hits you but does no damage.
You're too confused to move!
Something hits you but does no damage. The orc hits you with a +0 mace.
* * * LOW HITPOINT WARNING * * *
The orc hits you but does no damage.
You closely miss something. You miss the orc. You hit the orc.
You barely miss the orc.
You hear some strange, mumbled words.
You are more confused.
The orc hits you but does no damage. The orc barely misses you.
The orc hits you but does no damage.
You closely miss the orc. Your headbutt misses the orc.
You barely miss the orc. You barely miss something. You closely miss the orc.
Something hits you but does no damage. The orc hits you with a +3 whip.
* * * LOW HITPOINT WARNING * * *
The orc closely misses you. The orc hits you but does no damage.
You hit the orc.
The orc is severely wounded.
You closely miss the orc. You closely miss something. You slash the orc!
You kill the orc!
You hear some strange, mumbled words.
A magic dart appears from out of thin air!
The magic dart hits you!
* * * LOW HITPOINT WARNING * * *
The orc hits you with a +0 dagger.
You die...

........................
....##...##..............
....#.)...###.............
.........†.##.............
....†..∩...##.............
†..........###...........#
....#.....#.##.<.........
....##...##.###)oo.#..#
................@{).#
..............#...###
........##....###.#
.............## ###
.............#
............##
.............
............. #..#..


You could see 2 orcs.

Vanquished Creatures
  A phantom (D:4)
  A jelly (D:4)
  5 adders
  A worm (D:3)
  4 dart slugs
  6 orcs
  3 endoplasms
  4 giant cockroaches
  5 goblins
  8 hobgoblins
  3 jackals (D:4)
  12 kobolds
  4 quokkas
  6 ball pythons
  7 bats
  A frilled lizard (D:3)
  9 rats
80 creatures vanquished.

Notes
Turn   | Place    | Note
-------+----------+-------------------------------------------
     0 | D:1      | boopmooplesden the Minotaur Fighter began the quest for the
                  | Orb.
     0 | D:1      | Reached XP level 1. HP: 19/19 MP: 0/0
   120 | D:1      | Reached XP level 2. HP: 23/27 MP: 1/1
   440 | D:1      | Found a faded altar of an unknown god.
   744 | D:2      | Reached skill level 3 in Axes
   744 | D:2      | Reached XP level 3. HP: 33/33 MP: 2/2
   776 | D:2      | Identified the +2 robe "Asigi" {rF+ Int+4}
  1525 | D:3      | Reached XP level 4. HP: 40/40 MP: 3/3
  1917 | D:3      | Reached skill level 4 in Axes
  2013 | D:3      | Found Wupinic's Antique Armour Emporium.
  2338 | D:4      | Reached XP level 5. HP: 40/47 MP: 4/4
  2342 | D:4      | Reached skill level 1 in Dodging
  2342 | D:4      | Found Ceegom's Weapon Shoppe.
  2455 | D:4      | Noticed a phantom
  2473 | D:4      | Killed a phantom
  2474 | D:4      | Reached skill level 5 in Axes
  2542 | D:4      | HP: 1/47 [something/magic dart (8)]
  2542 | D:4      | Slain by an orc

Illustrated notes

Levels and vault maps discovered:
D:1:      dpeg_chamrin_arrival_tetris, layout_rooms,
          hellmonk_ecumenical_altar_pennies_from_heaven
D:2:      layout_loops_cross, minmay_strange_pillars
D:3:      minmay_razor_zed, layout_basic, serial_shops, shop
D:4:      layout_cave_pools, serial_shops, nicolae_shop_bloodbath_and_beyond

Skill      XL: |  1  2  3  4  5 |
---------------+----------------+-----
Fighting       | 4 |  4.7
Shields        | 4 |  4.3
Axes           | 3 4 5 |  5.0
Armour         | 4 |  4.7
Dodging        | 1 |  1.6
Stealth        | |  0.1

Action                   |  1- 3 |  4- 6 || total
-------------------------+-------+-------++-------
Melee: War axe           |    86 |    81 ||   167
       Headbutt          |    10 |    11 ||    21
Armor: Scale mail        |    67 |    49 ||   116
Dodge: Dodged            |    59 |    52 ||   111
Block: Buckler           |    20 |    30 ||    50
